 Dungeon Crawl Stone Soup version 0.22.0 (webtiles) character file.

2319 Peloso the Carver (level 9, 0/75 HPs)
             Began as a Minotaur Fighter on Aug 11, 2018.
             Slain by an ogre
             ... wielding a +0 giant club
              (19 damage)
             ... on level 7 of the Dungeon.
             The game lasted 00:14:15 (6149 turns).

Peloso the Carver (Minotaur Fighter)                Turns: 6149, Time: 00:14:16

Health: 0/75       AC: 15    Str: 23    XL:     9   Next: 18%
Magic:  8/8        EV:  6    Int:  5    God:
Gold:   216        SH: 11    Dex: 11    Spells: 8/8 levels left

rFire    . . .     SeeInvis .   a - +1 long sword
rCold    . . .     Gourm    .   c - +0 shield
rNeg     + . .     Faith    .   D - +0 plate armour
rPois    .         Spirit   .   (helmet restricted)
rElec    .         Reflect  .   (no cloak)
rCorr    .         Harm     .   (no gloves)
MR       +....                  p - +0 pair of boots
Stlth    ..........             l - amulet of the acrobat
HPRegen  0.22/turn              E - ring of protection from magic
MPRegen  0.11/turn              u - ring of positive energy

@: no status effects
A: retaliatory headbutt, horns 2
a: no special abilities


You were on level 7 of the Dungeon.
You were not hungry.

You visited 2 branches of the dungeon, and saw 8 of its levels.
You also visited: Sewer.

You collected 216 gold pieces.

Inventory:

Hand Weapons
 a - a +1 long sword (weapon)
 C - a +1 hand axe of flaming
Armour
 b - a +0 chain mail
 c - a +0 shield (worn)
 p - a +0 pair of boots (worn)
 D - a +0 plate armour (worn)
Jewellery
 l - an amulet of the acrobat (around neck)
 r - an uncursed ring of flight
 u - a ring of positive energy (right hand)
 z - an uncursed ring of see invisible
 E - a ring of protection from magic (left hand)
Scrolls
 d - 2 scrolls of teleportation
 h - a scroll of blinking {unknown}
 i - 11 scrolls of identify
 j - a scroll of immolation {unknown}
 m - a scroll of enchant armour {unknown}
 q - a scroll of amnesia {unknown}
 s - a scroll of enchant weapon
 v - 4 scrolls of remove curse
 w - a scroll of fear {unknown}
 y - a scroll of fog
 A - a scroll of magic mapping {unknown}
Potions
 e - 4 potions of brilliance
 g - 2 potions of resistance {unknown}
 k - 4 potions of curing {unknown}
 n - 4 potions of flight {unknown}
 o - 2 potions of degeneration {unknown}
 t - 3 potions of heal wounds {unknown}
 x - a potion of agility {unknown}
Comestibles
 f - 10 rations
 B - a chunk of flesh


   Skills:
 + Level 5.7 Fighting
 + Level 9.2 Long Blades
 + Level 8.3 Armour
 + Level 2.7 Dodging
 + Level 0.5 Stealth
 + Level 7.8 Shields
 + Level 0.2 Evocations


You had 8 spell levels left.
You didn't know any spells.
Your spell library contained the following spells:

 Spells                   Type           Power        Failure   Level  Hunger
 Lightning Bolt           Conj/Air       #.........   100%        5    ######.
 Shock                    Conj/Air       #...         100%        1    ##.....
 Swiftness                Chrm/Air       #.......     100%        2    ###....
 Airstrike                Air            #.........   100%        4    #####..
 Static Discharge         Conj/Air       #.......     100%        3    ####...


Dungeon Overview and Level Annotations

Branches:
Dungeon (7/15)             Temple (1/1) D:5

Altars:
Cheibriados
Dithmenos
Elyvilon
Fedhas
Gozag
Kikubaaqudgha
Makhleb
Qazlal
Ru
Sif Muna
Trog
Uskayaw
Vehumet
Wu Jian
Xom
Yredelemnul
Zin

Annotations:
D:6 exclusion: statue


Innate Abilities, Weirdness & Mutations

You reflexively headbutt those who attack you in melee.
You have a pair of horns on your head.


Message History

You start resting.
Eating one of 2 chunks of flesh.
You eat one of the 2 chunks of flesh.
This raw flesh tastes terrible.
An ogre comes into view. It is wielding a giant club.
The ogre shouts!
You hit the ogre.
The ogre is lightly wounded.
You block the ogre's attack.
You hit the ogre.
The ogre is moderately wounded.
The ogre hits you with a giant club!!
You completely miss the ogre. You headbutt the ogre.
The ogre is moderately wounded.
You hit the ogre. Your headbutt misses the ogre.
The ogre is heavily wounded.
The ogre hits you with a giant club.
* * * LOW HITPOINT WARNING * * *
You closely miss the ogre. You headbutt the ogre.
The ogre is severely wounded.
The ogre hits you with a giant club!!
You die...

#.#. #..........# #....
#..........#
##S###.#..........#
.....#............#
.#.#%####...>.....#
.#.#..............#
.#................## #
.........#####.#...#...#
.........# #.#@O....#
.).......# #.#####..#
).######## #.. ..# [.#
### ## ..#### ...<.#
######


You could see an ogre.

Vanquished Creatures
  Grinder (D:5)
  Sigmund (D:4)
  A steam dragon (D:7)
  2 orc warriors
  An ice beast (D:5)
  5 ogres
  A centaur (D:5)
  2 bullfrogs
  A big kobold (Sewer)
  3 hounds
  A jelly (D:5)
  4 orc wizards
  5 orc priests
  A bullfrog skeleton (D:5)
  3 iguanas (D:5)
  4 worker ants
  7 adders
  2 river rats (Sewer)
  A shadow imp (D:5)
  2 oozes (D:2)
  6 leopard geckos
  24 orcs
  4 bats (D:1)
  10 giant cockroaches
  2 gnoll zombies (D:2)
  11 goblins
  6 hobgoblins
  13 jackals
  18 kobolds
  2 quokkas
  A ball python zombie (D:5)
  A frilled lizard (D:1)
  A leopard gecko skeleton (D:4)
  12 rats
159 creatures vanquished.

Notes
Turn   | Place    | Note
-------+----------+-------------------------------------------
     0 | D:1      | Peloso the Minotaur Fighter began the quest for the Orb.
     0 | D:1      | Reached XP level 1. HP: 19/19 MP: 0/0
   331 | D:1      | Reached XP level 2. HP: 23/27 MP: 1/1
   786 | D:1      | Reached XP level 3. HP: 33/33 MP: 2/2
  1036 | D:2      | Reached skill level 3 in Long Blades
  1141 | D:2      | Reached XP level 4. HP: 40/40 MP: 3/3
  1246 | D:2      | Found a basalt altar of Yredelemnul.
  1345 | D:2      | Found an ancient bone altar of Kikubaaqudgha.
  1633 | D:3      | Reached skill level 4 in Long Blades
  1672 | D:3      | Reached XP level 5. HP: 33/46 MP: 4/4
  1713 | D:3      | Reached skill level 5 in Long Blades
  1714 | D:3      | Reached skill level 5 in Armour
  1768 | D:3      | Found a glowing drain.
  1786 | Sewer    | Entered a sewer
  1796 | Sewer    | Reached XP level 6. HP: 20/52 MP: 5/5
  1886 | Sewer    | Reached skill level 5 in Shields
  2095 | Sewer    | Found a white marble altar of Elyvilon.
  3130 | D:4      | Noticed Sigmund
  3152 | D:4      | Killed Sigmund
  3152 | D:4      | Reached skill level 6 in Long Blades
  3152 | D:4      | Reached skill level 1 in Dodging
  3152 | D:4      | Reached XP level 7. HP: 11/60 MP: 6/6
  3404 | D:4      | Found a glowing silver altar of Zin.
  3675 | D:4      | Found a white marble altar of Elyvilon.
  3718 | D:4      | Found a blossoming altar of Fedhas.
  3718 | D:4      | Found a bloodstained altar of Trog.
  4007 | D:5      | Entered Level 5 of the Dungeon
  4105 | D:5      | Noticed Grinder
  4107 | D:5      | Paralysed by Grinder for 5 turns
  4131 | D:5      | Paralysed by Grinder for 2 turns
  4135 | D:5      | Killed Grinder
  4135 | D:5      | Reached skill level 5 in Fighting
  4135 | D:5      | Reached skill level 7 in Long Blades
  4135 | D:5      | Reached XP level 8. HP: 32/68 MP: 7/7
  4331 | D:5      | Found a deep blue altar of Sif Muna.
  4367 | D:5      | Identified Sif Muna's Almanac of the Birds
  4705 | D:4      | Found a shadowy altar of Dithmenos.
  4743 | D:5      | Reached skill level 8 in Long Blades
  4771 | D:5      | Found an opulent altar of Gozag.
  4933 | D:5      | Found a staircase to the Ecumenical Temple.
  4941 | Temple   | Entered the Ecumenical Temple
  5326 | D:6      | Found a radiant altar of Vehumet.
  5539 | D:6      | Reached XP level 9. HP: 71/74 MP: 8/8
  6058 | D:7      | Reached skill level 9 in Long Blades
  6149 | D:7      | Slain by an ogre

Skill      XL: |  1  2  3  4  5  6  7  8  9 |
---------------+----------------------------+-----
Armour         | 4 5 6 7 8 |  8.3
Fighting       | 4 5 |  5.7
Shields        | 4 5 6 7 |  7.8
Long Blades    | 3 4 5 6 7 8 9 |  9.2
Dodging        | 1 2 |  2.7
Stealth        | |  0.5
Evocations     | |  0.2

Action                   |  1- 3 |  4- 6 |  7- 9 || total
-------------------------+-------+-------+-------++-------
Melee: Long sword        |    77 |   207 |   220 ||   504
       Headbutt          |     9 |    30 |    44 ||    83
 Abil: Evoke Flight      |       |       |     1 ||     1
  Use: Scroll            |       |     7 |       ||     7
       Potion            |       |     2 |       ||     2
  Eat: Chunk             |       |     6 |    12 ||    18
Armor: Scale mail        |    29 |    17 |       ||    46
       Chain mail        |       |   110 |    51 ||   161
       Plate armour      |       |       |     9 ||     9
Dodge: Dodged            |    22 |    62 |    56 ||   140
Block: Shield            |    44 |   110 |   133 ||   287
       Rpst.: Long sword |     5 |    13 |    17 ||    35
